 Dungeon Crawl Stone Soup version 0.29.1-14-g9c671dbff4 (webtiles) character file.

Game seed: 14307041525507179227

214 Descartes the Digger (level 5, -1/28 HPs)
             Began as a Gargoyle Earth Elementalist on Feb 16, 2023.
             Slain by Pikel
             ... wielding a +2 whip of electrocution
              (7 damage)
             ... on level 3 of the Dungeon.
             The game lasted 00:06:02 (3369 turns).

Descartes the Digger (Gargoyle Earth Elementalist)  Turns: 3369, Time: 00:06:03

Health: -1/28      AC:  7    Str: 18    XL:     5   Next: 91%
Magic:  7/8        EV:  8    Int: 17    God:
Gold:   126        SH:  4    Dex: 10    Spells: 4/8 levels left

rFire   . . .      SeeInvis .   u - staff of earth
rCold   . . .      Faith    .   f - +0 buckler
rNeg    + . .      Spirit   .   a - +0 robe
rPois   ∞          Reflect  .   (no helmet)
rElec   +          Harm     .   (no cloak)
rCorr   .          Rampage  .   (no gloves)
Will    .....                   k - +0 pair of boots
Stlth   ++........              j - amulet of magic regeneration
HPRegen 0.09/turn               r - +6 ring of strength
MPRegen 0.51/turn               (no ring)

@: grasped by roots, constricted
A: sickness immunity, AC +4, negative energy resistance 1, electricity
resistance, torment resistance 1, petrification resistance
a: no special abilities


You were on level 3 of the Dungeon.
You visited 1 branch of the dungeon, and saw 4 of its levels.

You collected 126 gold pieces.

Inventory:

Hand Weapons
 m - a +0 dagger
Missiles
 q - 14 poisoned darts
 s - 3 boomerangs
Armour
 a - a +0 robe (worn)
 f - a +0 buckler (worn)
 k - a +0 pair of boots (worn)
Magical Staves
 u - a staff of earth (weapon)
Jewellery
 j - an amulet of magic regeneration (around neck)
 p - a ring of fire
 r - a +6 ring of strength (left hand)
Scrolls
 c - 3 scrolls of identify {unknown}
 d - 2 scrolls of fog {unknown}
 e - 4 scrolls of amnesia {unknown}
 h - a scroll of enchant weapon {unknown}
 o - 3 scrolls of teleportation {unknown}
Potions
 b - a potion of magic
 g - 2 potions of heal wounds {unknown}
 i - 6 potions of curing {unknown}
 l - a potion of cancellation {unknown}
 n - a potion of degeneration {unknown}
 t - a potion of invisibility {unknown}


   Skills:
 - Level 1.5 Dodging
 - Level 2.1 Stealth
 + Level 3.8 Shields
 - Level 2.0 Spellcasting
 - Level 0.7 Transmutations
 + Level 6.2 Earth Magic


You had 4 spell levels left.
You knew the following spells:

 Your Spells              Type           Power      Damage    Failure   Level
a - Sandblast             Erth           68%        2d15      1%          1
b - Stone Arrow           Conj/Erth      36%        3d9       21%         3

Your spell library contained the following spells:

 Spells                   Type           Power      Damage    Failure   Level
 Passwall                 Tmut/Erth      16%        N/A       9%          2
 Beastly Appendage        Tmut           8%         N/A       19%         1
 Wereblood                Tmut           4%         N/A       28%         2
 Ensorcelled Hibernation  Hex/Ice        2%         N/A       36%         2
 Petrify                  Tmut/Erth      20%        N/A       52%         4
 Spider Form              Tmut/Pois      2%         N/A       54%         3
 Confusing Touch          Hex            1%         N/A       58%         3
 Swiftness                Air            1%         N/A       58%         3
 Anguish                  Hex/Necr       0%         N/A       94%         4
 Yara's Violent Unravell  Hex/Tmut       1%         3d3       99%         5
 Enfeeble                 Hex            0%         N/A       100%        7


Dungeon Overview and Level Annotations

Branches:
Dungeon (4/15)
 Temple: D:4-7

Altars:
Makhleb
Zin

Annotations:
D:3 Pikel


Innate Abilities, Weirdness & Mutations

You are immune to sickness and miasma.
Your stone body is resilient. (AC +4)
You are immune to poison.
You resist negative energy. (rN+)
You are resistant to electric shocks. (rElec)
You are resistant to unholy torment.
You are immune to petrification.


Message History

Pikel is lightly wounded.
Pikel says, "Asmodeus and me are pals.
He gave me this whip."
Pikel attacks as you move away! Pikel closely misses you.
There is a stone staircase leading up here.
Pikel zaps a wand.
The roots erupt in riotous growth!
The grasping roots grab you!
Pikel is unaffected.
The grasping roots constrict you!
You hear a shout! x4
The roots lose their grip on you.
You climb upwards.
There is a stone staircase leading down here.
Casting: Sandblast (safe; 1% risk of failure)
Confirm with . or Enter, or press ? or * to list all spells.
Aiming: Sandblast (safe; 1% risk of failure)
Press: ? - help, Shift-Dir - straight line, f - Pikel
Aim: Pikel, wielding a +2 whip of electrocution, wearing a +0 robe and carrying a wand of roots (6) (lightly wounded, 80% to hit)
You feel a surge of power!
The blast of sand misses Pikel.
Pikel hits you with a +2 whip of electrocution.
Casting: Sandblast (safe; 1% risk of failure)
Confirm with . or Enter, or press ? or * to list all spells.
Aiming: Sandblast (safe; 1% risk of failure)
Press: ? - help, Shift-Dir - straight line, f/p - Pikel
Aim: Pikel, wielding a +2 whip of electrocution, wearing a +0 robe and carrying a wand of roots (6) (lightly wounded, 80% to hit)
You feel a surge of power!
The blast of sand hits Pikel!
Pikel is heavily wounded.
Pikel hits you with a +2 whip of electrocution!
Pikel zaps a wand.
The roots erupt in riotous growth!
The grasping roots grab you!
Pikel is unaffected.
The grasping roots constrict you.
* * * LOW HITPOINT WARNING * * *
Unknown command.
Casting: Sandblast (safe; 1% risk of failure)
Confirm with . or Enter, or press ? or * to list all spells.
Aiming: Sandblast (safe; 1% risk of failure)
Press: ? - help, Shift-Dir - straight line, f/p - Pikel
Aim: Pikel, wielding a +2 whip of electrocution, wearing a +0 robe and carrying a wand of roots (5) (heavily wounded, 80% to hit)
You feel a surge of power!
The blast of sand hits Pikel but does no damage.
Pikel is heavily wounded.
Pikel hits you with a +2 whip of electrocution!
You die...

..##......######.##..#
###.......# #.###.#
##........## #.# #.#
#..#.......### #.# #.#
........##...###.# #.#
...(....####...#.# #.#
.).....#######.#.# #.#
........#......#.# #.#
.#....#........#@# #.#
...#...#.......K†# #.#
##...............###.#
###............#...#.#
......###....).#.#.#.#
##...##
#......###...#####
#...## #......#
###.....# #...#
#......# #[###)# #..##
#......# ##)#.#.##


You could see Pikel.

Vanquished Creatures
  2 orc priests (D:3)
  An orc wizard (D:3)
  4 adders
  An ufetubus (D:4)
  A worm (D:2)
  A dart slug (D:1)
  6 orcs (D:3)
  3 endoplasms
  2 giant cockroaches
  5 goblins
  7 hobgoblins
  4 jackals (D:1)
  7 kobolds
  3 quokkas
  15 ball pythons
  8 bats
  A frilled lizard (D:3)
  7 rats
78 creatures vanquished.

Notes
Turn   | Place    | Note
-------+----------+-------------------------------------------
     0 | D:1      | Descartes the Gargoyle Earth Elementalist began the quest
                  | for the Orb.
     0 | D:1      | Reached XP level 1. HP: 10/10 MP: 3/3
   245 | D:1      | Reached skill level 4 in Earth Magic
   297 | D:1      | Reached XP level 2. HP: 15/15 MP: 3/5
   618 | D:1      | Reached skill level 1 in Shields
   675 | D:1      | Found Ixkalooj's Antique Weapon Shop.
   753 | D:1      | Reached XP level 3. HP: 19/19 MP: 4/6
  1565 | D:2      | Reached skill level 5 in Earth Magic
  1728 | D:2      | Reached XP level 4. HP: 24/24 MP: 5/7
  2122 | D:3      | Reached XP level 5. HP: 26/28 MP: 8/8
  2448 | D:3      | Learned a level 3 spell: Stone Arrow
  2479 | D:3      | Reached skill level 6 in Earth Magic
  2879 | D:3      | Found a faded altar of an unknown god.
  2995 | D:3      | Found a burning altar of Makhleb.
  3297 | D:4      | Found a glowing silver altar of Zin.
  3298 | D:4      | Noticed Pikel
  3298 | D:4      | Noticed a lemure
  3299 | D:4      | Noticed a lemure
  3299 | D:4      | Noticed a lemure
  3300 | D:4      | Noticed a lemure
  3369 | D:3      | Slain by Pikel

Illustrated notes

Levels and vault maps discovered:
D:1:      co_arrival_random_square_maze, layout_basic, serial_shops,
          nicolae_diamond_shop
D:2:      layout_basic
D:3:      layout_rooms, marbit_many_paths,
          shapermc_ecumenical_altar_starsandcircs, grunt_ministairs_11,
          st_stairs_8, nicolae_titane
D:4:      layout_rooms, grunt_temple_overflow_open, kennysheep_doodads,
          uniq_crazy_yiuf_cottage, uniq_robin, uniq_ijyb, uniq_pikel,
          uniq_duvessa, uniq_blork_the_orc

Skill      XL: |  1  2  3  4  5 |
---------------+----------------+-----
Earth Magic    | 4 5 6 |  6.2
Shields        | 1 2 3 |  3.8
Dodging        | |  1.5
Stealth        | |  2.1
Spellcasting   | |  2.0
Transmutations | |  0.7

Action                   |  1- 3 |  4- 6 || total
-------------------------+-------+-------++-------
Melee: Dagger            |       |     9 ||     9
 Cast: Sandblast         |    52 |    62 ||   114
Armor: Robe              |     4 |     9 ||    13
Dodge: Dodged            |     4 |     8 ||    12
Block: Buckler           |       |     1 ||     1
